%YAML 1.1
%TAG !u! tag:unity3d.com,2011:
--- !u!1001 &4844050511249118313
PrefabInstance:
  m_ObjectHideFlags: 0
  serializedVersion: 2
  m_Modification:
    m_TransformParent: {fileID: 0}
    m_Modifications:
    - target: {fileID: -8679921383154817045, guid: 2dcc4e38f93e3db4f854877a8ca6abc9,
        type: 3}
      propertyPath: m_RootOrder
      value: 0
      objectReference: {fileID: 0}
    - target: {fileID: -8679921383154817045, guid: 2dcc4e38f93e3db4f854877a8ca6abc9,
        type: 3}
      propertyPath: m_LocalPosition.x
      value: 23.21
      objectReference: {fileID: 0}
    - target: {fileID: -8679921383154817045, guid: 2dcc4e38f93e3db4f854877a8ca6abc9,
        type: 3}
      propertyPath: m_LocalPosition.y
      value: -2.5
      objectReference: {fileID: 0}
    - target: {fileID: -8679921383154817045, guid: 2dcc4e38f93e3db4f854877a8ca6abc9,
        type: 3}
      propertyPath: m_LocalPosition.z
      value: -10.99
      objectReference: {fileID: 0}
    - target: {fileID: -8679921383154817045, guid: 2dcc4e38f93e3db4f854877a8ca6abc9,
        type: 3}
      propertyPath: m_LocalRotation.w
      value: 1
      objectReference: {fileID: 0}
    - target: {fileID: -8679921383154817045, guid: 2dcc4e38f93e3db4f854877a8ca6abc9,
        type: 3}
      propertyPath: m_LocalRotation.x
      value: 0
      objectReference: {fileID: 0}
    - target: {fileID: -8679921383154817045, guid: 2dcc4e38f93e3db4f854877a8ca6abc9,
        type: 3}
      propertyPath: m_LocalRotation.y
      value: -0
      objectReference: {fileID: 0}
    - target: {fileID: -8679921383154817045, guid: 2dcc4e38f93e3db4f854877a8ca6abc9,
        type: 3}
      propertyPath: m_LocalRotation.z
      value: -0
      objectReference: {fileID: 0}
    - target: {fileID: -8679921383154817045, guid: 2dcc4e38f93e3db4f854877a8ca6abc9,
        type: 3}
      propertyPath: m_LocalEulerAnglesHint.x
      value: 0
      objectReference: {fileID: 0}
    - target: {fileID: -8679921383154817045, guid: 2dcc4e38f93e3db4f854877a8ca6abc9,
        type: 3}
      propertyPath: m_LocalEulerAnglesHint.y
      value: 0
      objectReference: {fileID: 0}
    - target: {fileID: -8679921383154817045, guid: 2dcc4e38f93e3db4f854877a8ca6abc9,
        type: 3}
      propertyPath: m_LocalEulerAnglesHint.z
      value: 0
      objectReference: {fileID: 0}
    - target: {fileID: -7511558181221131132, guid: 2dcc4e38f93e3db4f854877a8ca6abc9,
        type: 3}
      propertyPath: m_Enabled
      value: 1
      objectReference: {fileID: 0}
    - target: {fileID: -1410316370199355845, guid: 2dcc4e38f93e3db4f854877a8ca6abc9,
        type: 3}
      propertyPath: m_IsActive
      value: 1
      objectReference: {fileID: 0}
    - target: {fileID: -346642047233286542, guid: 2dcc4e38f93e3db4f854877a8ca6abc9,
        type: 3}
      propertyPath: m_IsActive
      value: 1
      objectReference: {fileID: 0}
    - target: {fileID: -241861608055726361, guid: 2dcc4e38f93e3db4f854877a8ca6abc9,
        type: 3}
      propertyPath: m_IsActive
      value: 1
      objectReference: {fileID: 0}
    - target: {fileID: 919132149155446097, guid: 2dcc4e38f93e3db4f854877a8ca6abc9,
        type: 3}
      propertyPath: m_Name
      value: trashbox Variant
      objectReference: {fileID: 0}
    - target: {fileID: 919132149155446097, guid: 2dcc4e38f93e3db4f854877a8ca6abc9,
        type: 3}
      propertyPath: m_IsActive
      value: 1
      objectReference: {fileID: 0}
    - target: {fileID: 5148817236446094103, guid: 2dcc4e38f93e3db4f854877a8ca6abc9,
        type: 3}
      propertyPath: m_IsActive
      value: 1
      objectReference: {fileID: 0}
    - target: {fileID: 7012509476274988224, guid: 2dcc4e38f93e3db4f854877a8ca6abc9,
        type: 3}
      propertyPath: m_IsActive
      value: 1
      objectReference: {fileID: 0}
    m_RemovedComponents: []
  m_SourcePrefab: {fileID: 100100000, guid: 2dcc4e38f93e3db4f854877a8ca6abc9, type: 3}
--- !u!1 &310119150218033022 stripped
GameObject:
  m_CorrespondingSourceObject: {fileID: 5148817236446094103, guid: 2dcc4e38f93e3db4f854877a8ca6abc9,
    type: 3}
  m_PrefabInstance: {fileID: 4844050511249118313}
  m_PrefabAsset: {fileID: 0}
--- !u!54 &1611582908
Rigidbody:
  m_ObjectHideFlags: 0
  m_CorrespondingSourceObject: {fileID: 0}
  m_PrefabInstance: {fileID: 0}
  m_PrefabAsset: {fileID: 0}
  m_GameObject: {fileID: 310119150218033022}
  serializedVersion: 2
  m_Mass: 1
  m_Drag: 0
  m_AngularDrag: 0.05
  m_UseGravity: 1
  m_IsKinematic: 1
  m_Interpolate: 0
  m_Constraints: 0
  m_CollisionDetection: 0
--- !u!64 &1611582909
MeshCollider:
  m_ObjectHideFlags: 0
  m_CorrespondingSourceObject: {fileID: 0}
  m_PrefabInstance: {fileID: 0}
  m_PrefabAsset: {fileID: 0}
  m_GameObject: {fileID: 310119150218033022}
  m_Material: {fileID: 0}
  m_IsTrigger: 0
  m_Enabled: 1
  serializedVersion: 4
  m_Convex: 1
  m_CookingOptions: 30
  m_Mesh: {fileID: 4579454407841743219, guid: 2dcc4e38f93e3db4f854877a8ca6abc9, type: 3}
--- !u!114 &569224848195964942
MonoBehaviour:
  m_ObjectHideFlags: 0
  m_CorrespondingSourceObject: {fileID: 0}
  m_PrefabInstance: {fileID: 0}
  m_PrefabAsset: {fileID: 0}
  m_GameObject: {fileID: 310119150218033022}
  m_Enabled: 1
  m_EditorHideFlags: 0
  m_Script: {fileID: 11500000, guid: 75ed7042dd3d43548f0ac047e73be4f3, type: 3}
  m_Name: 
  m_EditorClassIdentifier: 
--- !u!1 &2479502558186696873 stripped
GameObject:
  m_CorrespondingSourceObject: {fileID: 7012509476274988224, guid: 2dcc4e38f93e3db4f854877a8ca6abc9,
    type: 3}
  m_PrefabInstance: {fileID: 4844050511249118313}
  m_PrefabAsset: {fileID: 0}
--- !u!54 &1611582910
Rigidbody:
  m_ObjectHideFlags: 0
  m_CorrespondingSourceObject: {fileID: 0}
  m_PrefabInstance: {fileID: 0}
  m_PrefabAsset: {fileID: 0}
  m_GameObject: {fileID: 2479502558186696873}
  serializedVersion: 2
  m_Mass: 1
  m_Drag: 0
  m_AngularDrag: 0.05
  m_UseGravity: 1
  m_IsKinematic: 1
  m_Interpolate: 0
  m_Constraints: 0
  m_CollisionDetection: 0
--- !u!64 &1611582911
MeshCollider:
  m_ObjectHideFlags: 0
  m_CorrespondingSourceObject: {fileID: 0}
  m_PrefabInstance: {fileID: 0}
  m_PrefabAsset: {fileID: 0}
  m_GameObject: {fileID: 2479502558186696873}
  m_Material: {fileID: 0}
  m_IsTrigger: 0
  m_Enabled: 1
  serializedVersion: 4
  m_Convex: 1
  m_CookingOptions: 30
  m_Mesh: {fileID: -1845931679895651543, guid: 2dcc4e38f93e3db4f854877a8ca6abc9, type: 3}
--- !u!114 &2743270708454961699
MonoBehaviour:
  m_ObjectHideFlags: 0
  m_CorrespondingSourceObject: {fileID: 0}
  m_PrefabInstance: {fileID: 0}
  m_PrefabAsset: {fileID: 0}
  m_GameObject: {fileID: 2479502558186696873}
  m_Enabled: 1
  m_EditorHideFlags: 0
  m_Script: {fileID: 11500000, guid: 75ed7042dd3d43548f0ac047e73be4f3, type: 3}
  m_Name: 
  m_EditorClassIdentifier: 
--- !u!1 &3410362902393440850 stripped
GameObject:
  m_CorrespondingSourceObject: {fileID: -1410316370199355845, guid: 2dcc4e38f93e3db4f854877a8ca6abc9,
    type: 3}
  m_PrefabInstance: {fileID: 4844050511249118313}
  m_PrefabAsset: {fileID: 0}
--- !u!54 &1709898417
Rigidbody:
  m_ObjectHideFlags: 0
  m_CorrespondingSourceObject: {fileID: 0}
  m_PrefabInstance: {fileID: 0}
  m_PrefabAsset: {fileID: 0}
  m_GameObject: {fileID: 3410362902393440850}
  serializedVersion: 2
  m_Mass: 1
  m_Drag: 0
  m_AngularDrag: 0.05
  m_UseGravity: 1
  m_IsKinematic: 1
  m_Interpolate: 0
  m_Constraints: 0
  m_CollisionDetection: 0
--- !u!64 &1709898418
MeshCollider:
  m_ObjectHideFlags: 0
  m_CorrespondingSourceObject: {fileID: 0}
  m_PrefabInstance: {fileID: 0}
  m_PrefabAsset: {fileID: 0}
  m_GameObject: {fileID: 3410362902393440850}
  m_Material: {fileID: 0}
  m_IsTrigger: 0
  m_Enabled: 1
  serializedVersion: 4
  m_Convex: 1
  m_CookingOptions: 30
  m_Mesh: {fileID: 7814301967758837358, guid: 2dcc4e38f93e3db4f854877a8ca6abc9, type: 3}
--- !u!114 &223513009402662317
MonoBehaviour:
  m_ObjectHideFlags: 0
  m_CorrespondingSourceObject: {fileID: 0}
  m_PrefabInstance: {fileID: 0}
  m_PrefabAsset: {fileID: 0}
  m_GameObject: {fileID: 3410362902393440850}
  m_Enabled: 1
  m_EditorHideFlags: 0
  m_Script: {fileID: 11500000, guid: 75ed7042dd3d43548f0ac047e73be4f3, type: 3}
  m_Name: 
  m_EditorClassIdentifier: 
--- !u!1 &4038036319727749659 stripped
GameObject:
  m_CorrespondingSourceObject: {fileID: -346642047233286542, guid: 2dcc4e38f93e3db4f854877a8ca6abc9,
    type: 3}
  m_PrefabInstance: {fileID: 4844050511249118313}
  m_PrefabAsset: {fileID: 0}
--- !u!54 &290947581
Rigidbody:
  m_ObjectHideFlags: 0
  m_CorrespondingSourceObject: {fileID: 0}
  m_PrefabInstance: {fileID: 0}
  m_PrefabAsset: {fileID: 0}
  m_GameObject: {fileID: 4038036319727749659}
  serializedVersion: 2
  m_Mass: 1
  m_Drag: 0
  m_AngularDrag: 0.05
  m_UseGravity: 1
  m_IsKinematic: 1
  m_Interpolate: 0
  m_Constraints: 0
  m_CollisionDetection: 0
--- !u!64 &290947582
MeshCollider:
  m_ObjectHideFlags: 0
  m_CorrespondingSourceObject: {fileID: 0}
  m_PrefabInstance: {fileID: 0}
  m_PrefabAsset: {fileID: 0}
  m_GameObject: {fileID: 4038036319727749659}
  m_Material: {fileID: 0}
  m_IsTrigger: 0
  m_Enabled: 1
  serializedVersion: 4
  m_Convex: 1
  m_CookingOptions: 30
  m_Mesh: {fileID: -8234954865023109096, guid: 2dcc4e38f93e3db4f854877a8ca6abc9, type: 3}
--- !u!114 &1722508641475711375
MonoBehaviour:
  m_ObjectHideFlags: 0
  m_CorrespondingSourceObject: {fileID: 0}
  m_PrefabInstance: {fileID: 0}
  m_PrefabAsset: {fileID: 0}
  m_GameObject: {fileID: 4038036319727749659}
  m_Enabled: 1
  m_EditorHideFlags: 0
  m_Script: {fileID: 11500000, guid: 75ed7042dd3d43548f0ac047e73be4f3, type: 3}
  m_Name: 
  m_EditorClassIdentifier: 
--- !u!1 &4583884181637237390 stripped
GameObject:
  m_CorrespondingSourceObject: {fileID: -241861608055726361, guid: 2dcc4e38f93e3db4f854877a8ca6abc9,
    type: 3}
  m_PrefabInstance: {fileID: 4844050511249118313}
  m_PrefabAsset: {fileID: 0}
--- !u!54 &1611582912
Rigidbody:
  m_ObjectHideFlags: 0
  m_CorrespondingSourceObject: {fileID: 0}
  m_PrefabInstance: {fileID: 0}
  m_PrefabAsset: {fileID: 0}
  m_GameObject: {fileID: 4583884181637237390}
  serializedVersion: 2
  m_Mass: 1
  m_Drag: 0
  m_AngularDrag: 0.05
  m_UseGravity: 1
  m_IsKinematic: 1
  m_Interpolate: 0
  m_Constraints: 0
  m_CollisionDetection: 0
--- !u!64 &1611582913
MeshCollider:
  m_ObjectHideFlags: 0
  m_CorrespondingSourceObject: {fileID: 0}
  m_PrefabInstance: {fileID: 0}
  m_PrefabAsset: {fileID: 0}
  m_GameObject: {fileID: 4583884181637237390}
  m_Material: {fileID: 0}
  m_IsTrigger: 0
  m_Enabled: 1
  serializedVersion: 4
  m_Convex: 1
  m_CookingOptions: 30
  m_Mesh: {fileID: 8204137566577028532, guid: 2dcc4e38f93e3db4f854877a8ca6abc9, type: 3}
--- !u!114 &2984447468320344484
MonoBehaviour:
  m_ObjectHideFlags: 0
  m_CorrespondingSourceObject: {fileID: 0}
  m_PrefabInstance: {fileID: 0}
  m_PrefabAsset: {fileID: 0}
  m_GameObject: {fileID: 4583884181637237390}
  m_Enabled: 1
  m_EditorHideFlags: 0
  m_Script: {fileID: 11500000, guid: 75ed7042dd3d43548f0ac047e73be4f3, type: 3}
  m_Name: 
  m_EditorClassIdentifier: 
--- !u!1 &5762619157338171704 stripped
GameObject:
  m_CorrespondingSourceObject: {fileID: 919132149155446097, guid: 2dcc4e38f93e3db4f854877a8ca6abc9,
    type: 3}
  m_PrefabInstance: {fileID: 4844050511249118313}
  m_PrefabAsset: {fileID: 0}
--- !u!54 &1611582901
Rigidbody:
  m_ObjectHideFlags: 0
  m_CorrespondingSourceObject: {fileID: 0}
  m_PrefabInstance: {fileID: 0}
  m_PrefabAsset: {fileID: 0}
  m_GameObject: {fileID: 5762619157338171704}
  serializedVersion: 2
  m_Mass: 1
  m_Drag: 0
  m_AngularDrag: 0.05
  m_UseGravity: 1
  m_IsKinematic: 1
  m_Interpolate: 0
  m_Constraints: 0
  m_CollisionDetection: 0
--- !u!64 &1611582902
MeshCollider:
  m_ObjectHideFlags: 0
  m_CorrespondingSourceObject: {fileID: 0}
  m_PrefabInstance: {fileID: 0}
  m_PrefabAsset: {fileID: 0}
  m_GameObject: {fileID: 5762619157338171704}
  m_Material: {fileID: 0}
  m_IsTrigger: 0
  m_Enabled: 1
  serializedVersion: 4
  m_Convex: 1
  m_CookingOptions: 30
  m_Mesh: {fileID: -2324896930403524953, guid: 2dcc4e38f93e3db4f854877a8ca6abc9, type: 3}
--- !u!114 &114035136
MonoBehaviour:
  m_ObjectHideFlags: 0
  m_CorrespondingSourceObject: {fileID: 0}
  m_PrefabInstance: {fileID: 0}
  m_PrefabAsset: {fileID: 0}
  m_GameObject: {fileID: 5762619157338171704}
  m_Enabled: 1
  m_EditorHideFlags: 0
  m_Script: {fileID: 11500000, guid: 88b85768fa564f7182c97c2d724c83f0, type: 3}
  m_Name: 
  m_EditorClassIdentifier: 
  _isSpecific: 0
--- !u!114 &5632234635977771195
MonoBehaviour:
  m_ObjectHideFlags: 0
  m_CorrespondingSourceObject: {fileID: 0}
  m_PrefabInstance: {fileID: 0}
  m_PrefabAsset: {fileID: 0}
  m_GameObject: {fileID: 5762619157338171704}
  m_Enabled: 1
  m_EditorHideFlags: 0
  m_Script: {fileID: 11500000, guid: 75ed7042dd3d43548f0ac047e73be4f3, type: 3}
  m_Name: 
  m_EditorClassIdentifier: 
